 Dungeon Crawl Stone Soup version 0.31-a0-331-geda263fcf1 (webtiles) character file.

Game seed: 2125536196868273151

735 arthad the Skirmisher (level 7, -1/67 HPs)
             Began as a Gnoll Wanderer on July 19, 2023.
             Slain by an iguana (6 damage)
             ... on level 5 of the Dungeon.
             The game lasted 00:08:54 (3578 turns).

arthad the Skirmisher (Gnoll Wanderer)              Turns: 3578, Time: 00:08:54

Health: -1/67      AC: 23    Str: 13 (14) XL:     7   Next: 74%
Magic:  13/13      EV:  2    Int: 17 (18) God:
Gold:   152        SH:  0    Dex: 13 (16) Spells: 13/14 levels left

rFire   + . .        z - +2 falchion (holy)
rCold   + . .        (no shield)
rNeg    . . .        b - melded +0 ring mail
rPois   +            w - melded +0 helmet
rElec   +            f - melded +0 cloak
rCorr   +            (gloves currently unavailable)
SInv    .            (boots currently unavailable)
Will    .....        (no amulet)
Stlth   ++           l - +6 ring of strength
HPRegen 0.31/turn    m - +6 ring of dexterity
MPRegen 0.13/turn

%: no passive effects
@: brilliant, tree-form, resistant, attractive
A: stationary, stasis, torment immunity, boosted hp, (fangs 1), strong nose,
distributed training, frail 1, evolution 1, subdued magic 1
a: no special abilities


You were on level 5 of the Dungeon.
You were a tree.
You visited 1 branch of the dungeon, and saw 5 of its levels.
You also visited: Sewer.

You collected 152 gold pieces.

Inventory:

Hand Weapons
 a - a +3 sling
 z - a +2 falchion of holy wrath (weapon)
Missiles
 h - 3 javelins
Armour
 b - a +0 ring mail (melded)
 f - a +0 cloak (melded)
 p - the +2 leather armour of the Distant Future {Drain Str-3 Int+7 Stlth+}
   (You found it on level 3 of the Dungeon)

   Str:       It affects your strength (-3).
   Int:       It affects your intelligence (+7).
   Drain:     It drains your maximum health when unequipped.
   Stlth:     It makes you more stealthy.
 w - a +0 helmet (melded)
 A - a +3 leather armour of fire resistance
Jewellery
 l - a +6 ring of strength (left branch)
 m - a +6 ring of dexterity (right branch)
 q - a +6 ring of strength
Talismans
 u - a beast talisman
Wands
 x - a wand of flame (15)
Scrolls
 c - 4 scrolls of fog
 e - 2 scrolls of noise
 g - a scroll of enchant weapon
 i - 2 scrolls of poison
 j - a scroll of identify {unknown}
 n - 3 scrolls of teleportation
 y - a scroll of acquirement {unknown}
Potions
 d - 2 potions of lignification
 k - a potion of degeneration
 o - a potion of brilliance


   Skills:
 + Level 2.7 Fighting
 + Level 2.7 Short Blades
 + Level 2.7 Long Blades
 + Level 2.7 Axes
 + Level 2.7 Maces & Flails
 + Level 2.7 Polearms
 + Level 2.7 Staves
 + Level 9.0 Ranged Weapons
 + Level 2.7 Throwing
 + Level 5.4 Armour
 + Level 2.7 Dodging
 + Level 3.6 Stealth
 + Level 2.7 Shields
 + Level 2.7 Unarmed Combat
 + Level 4.0 Spellcasting
 + Level 2.2 Conjurations
 + Level 2.2 Hexes
 + Level 2.2 Summonings
 + Level 3.1 Necromancy
 + Level 2.2 Translocations
 + Level 2.2 Transmutations
 + Level 2.2 Fire Magic
 + Level 2.2 Ice Magic
 + Level 2.2 Air Magic
 + Level 2.2 Earth Magic
 + Level 2.2 Poison Magic
 + Level 4.0 Invocations
 + Level 2.7 Evocations
 + Level 2.2 Shapeshifting


You had 13 spell levels left.
You knew the following spells:

 Your Spells              Type           Power      Damage    Failure   Level
a - Kiss of Death         Conj/Necr      56%        2d9       4%          1

Your spell library contained the following spells:

 Spells                   Type           Power      Damage    Failure   Level
 Vampiric Draining        Necr           16%        2d7       11%         3


Dungeon Overview and Level Annotations

Branches:
Dungeon (5/15)              Sewer (visited)
 Temple: D:4-7

Altars:
Cheibriados
Dithmenos
Elyvilon
Hepliaklqana
Kikubaaqudgha
Makhleb


Innate Abilities, Weirdness & Mutations

You are a tree.
Your roots penetrate the ground, keeping you stationary.
You cannot be teleported.
You are immune to unholy pain and torment.
Your maximum health is greatly increased.
Your equipment is partially melded.
((You have very sharp teeth.))
Your uncanny sense of smell can sniff out nearby items.
Your experience applies equally to all skills.
You are frail. (-10% HP)
You have hidden genetic potential.
Your spells are a little easier to cast, but a little less powerful.


Message History

The iguana is severely wounded.
An orc wizard appears from thin air!
Reactivating autopickup.
The iguana bites you!
* * * LOW HITPOINT WARNING * * *
You barely miss the iguana.
The iguana is severely wounded.
The iguana bites you!
* * * LOW HITPOINT WARNING * * *
You closely miss the iguana.
The iguana is severely wounded.
The iguana bites you but does no damage.
It was a potion of attraction.
You feel attractive to monsters.
The iguana bites you but does no damage.
Really quaff the potion of mutation?
You feel extremely strange.
You feel genetically unstable.
You feel frail.
Your connection to magic feels subdued.
You feel a hidden potential growing inside you.
The iguana bites you but does no damage.
Casting: Kiss of Death (safe; 4% risk of failure)
Confirm with . or Enter, or press ? or * to list all spells.
Okay, then.
Aiming: Throw Flame
Press: ? - help, Shift-Dir - straight line, f/p - orc
Aim: an orc, wielding a +0 whip and wearing a +0 ring mail (heavily wounded, fire blocked by a granite statue, 75% to hit)
Your line of fire to the orc is blocked by a granite statue.
Unknown command.
Aiming: Throw Flame
Press: ? - help, Shift-Dir - straight line, f - orc wizard, p - orc
Aim: an orc wizard, wielding a +0 dagger and wearing a +0 robe (64% to hit)
The puff of flame misses the iguana.
The puff of flame hits the orc wizard.
The orc wizard is moderately wounded.
The iguana bites you but does no damage.
You barely miss the iguana.
The iguana is severely wounded.
The iguana bites you but does no damage.
The iguana bites you.
You die...

...# #...# ...
#...##... ... #...#....
#..## #........ #..##
#........ #..#
######l.......
#..####...♣lo....... #
#.........#8..8#... ###
##....#...##oo..#
..####........##......#
...##......#..###$$$$##
##..#...##.##.# ######
##...#.#####.# .... ∆
#..##.# #.# _.._.
...##..# #.# .....


You could see 2 iguanas, an orc wizard and 2 orcs.

Vanquished Creatures
  Eustachio (D:4)
  Menkaure (D:3)
  A black bear (D:4)
  Pargi (Sewer)
  A hound (D:5)
  2 sleepcaps (D:5)
  An iguana (D:4)
  An orc wizard (D:3)
  A mummy (D:5)
  3 adders
  3 ufetubi
  6 worms
  A dart slug (D:1)
  12 orcs
  5 ball pythons
  7 endoplasms
  3 giant cockroaches
  7 goblins
  3 hobgoblins
  2 jackals (D:1)
  6 kobolds
  6 quokkas
  5 bats
  16 frilled lizards
  5 rats
100 creatures vanquished.

Notes
Turn   | Place    | Note
-------+----------+-------------------------------------------
     0 | D:1      | arthad the Gnoll Wanderer began the quest for the Orb.
     0 | D:1      | arthad set off with the following items: a +2 sling, a +0
                  | ring mail, a scroll of fog; and the following spell
                  | memorised: Kiss of Death; and the following spells
                  | available to memorise: Vampiric Draining.
     0 | D:1      | Reached XP level 1. HP: 13/13 MP: 4/4
   161 | D:1      | Reached XP level 2. HP: 19/19 MP: 5/5
   620 | D:2      | Reached XP level 3. HP: 25/25 MP: 7/7
  1105 | D:3      | Reached skill level 1 in Fighting
  1105 | D:3      | Reached skill level 1 in Short Blades
  1105 | D:3      | Reached skill level 1 in Long Blades
  1105 | D:3      | Reached skill level 1 in Axes
  1105 | D:3      | Reached skill level 1 in Maces & Flails
  1105 | D:3      | Reached skill level 1 in Polearms
  1105 | D:3      | Reached skill level 1 in Staves
  1105 | D:3      | Reached skill level 1 in Throwing
  1105 | D:3      | Reached skill level 1 in Dodging
  1105 | D:3      | Reached skill level 1 in Shields
  1105 | D:3      | Reached skill level 1 in Unarmed Combat
  1105 | D:3      | Reached skill level 1 in Evocations
  1156 | D:3      | Reached XP level 4. HP: 21/32 MP: 8/8
  1168 | D:3      | Reached skill level 1 in Conjurations
  1168 | D:3      | Reached skill level 1 in Hexes
  1168 | D:3      | Reached skill level 1 in Summonings
  1168 | D:3      | Reached skill level 1 in Translocations
  1168 | D:3      | Reached skill level 1 in Transmutations
  1168 | D:3      | Reached skill level 1 in Fire Magic
  1168 | D:3      | Reached skill level 1 in Ice Magic
  1168 | D:3      | Reached skill level 1 in Air Magic
  1168 | D:3      | Reached skill level 1 in Earth Magic
  1168 | D:3      | Reached skill level 1 in Poison Magic
  1168 | D:3      | Reached skill level 1 in Shapeshifting
  1237 | D:3      | Identified the +2 leather armour of the Distant Future
                  | {Drain Str-3 Int+7 Stlth+}
  1420 | D:3      | Reached XP level 5. HP: 25/26 MP: 9/9
  1430 | D:3      | Found a glowing drain.
  1434 | Sewer    | Entered a sewer
  1522 | Sewer    | Noticed Pargi
  1532 | Sewer    | Killed Pargi
  2108 | D:4      | Noticed Menkaure
  2110 | D:4      | Noticed Eustachio
  2125 | D:3      | Killed Menkaure
  2126 | D:3      | Reached skill level 5 in Armour
  2126 | D:3      | Reached XP level 6. HP: 15/44 MP: 9/11
  2298 | D:4      | Killed Eustachio
  2299 | D:4      | Reached XP level 7. HP: 46/51 MP: 12/12
  2369 | D:4      | Found a white marble altar of Elyvilon.
  2917 | D:4      | Found an ancient bone altar of Kikubaaqudgha.
  2978 | D:4      | Found a shadowy altar of Dithmenos.
  3210 | D:5      | Entered Level 5 of the Dungeon
  3226 | D:5      | Reached skill level 9 in Ranged Weapons
  3405 | D:5      | Found a snail-covered altar of Cheibriados.
  3532 | D:5      | Found a burning altar of Makhleb.
  3547 | D:5      | Found a hazy altar of Hepliaklqana.
  3560 | D:5      | HP: 3/76 [iguana (7)]
  3563 | D:5      | Gained mutation: You are somewhat resistant to further
                  | mutation. [potion of mutation]
  3573 | D:5      | HP: 3/76 [iguana (10)]
  3576 | D:5      | Lost mutation: You are somewhat resistant to further
                  | mutation. [potion of mutation]
  3576 | D:5      | Gained mutation: You are frail. (-10% HP) [potion of
                  | mutation]
  3576 | D:5      | Gained mutation: Your spells are a little easier to cast,
                  | but a little less powerful. [potion of mutation]
  3576 | D:5      | Gained mutation: You have hidden genetic potential. [potion
                  | of mutation]
  3578 | D:5      | Slain by an iguana

Illustrated notes

Levels and vault maps discovered:
D:1:      eino_arrival_cavern_a, layout_rooms
D:2:      layout_basic, minmay_lizard_king
D:3:      kennysheep_big_flooded_room, layout_basic, gup_sewer_entry_spiral
D:4:      layout_loops_ring, kiku_gazebo_garden_becter, kennysheep_little_box,
          nicolae_elyvilon_temple_path, uniq_eustachio, uniq_menkaure
D:5:      layout_layer_cave, chei_slow_surprise, jmf_multi_god_temple,
          chequers_mini_garden, uniq_ijyb

Skill      XL: |  1  2  3  4  5  6  7 |
---------------+----------------------+-----
Necromancy     | 2 3 |  3.1
Fighting       | 1 2 |  2.7
Short Blades   | 1 2 |  2.7
Long Blades    | 1 2 |  2.7
Axes           | 1 2 |  2.7
Maces & Flails | 1 2 |  2.7
Polearms       | 1 2 |  2.7
Staves         | 1 2 |  2.7
Throwing       | 1 2 |  2.7
Dodging        | 1 2 |  2.7
Shields        | 1 2 |  2.7
Unarmed Combat | 1 2 |  2.7
Evocations     | 1 2 |  2.7
Spellcasting   | 3 4 |  4.0
Conjurations   | 1 2 |  2.2
Hexes          | 1 2 |  2.2
Summonings     | 1 2 |  2.2
Translocations | 1 2 |  2.2
Transmutations | 1 2 |  2.2
Fire Magic     | 1 2 |  2.2
Ice Magic      | 1 2 |  2.2
Air Magic      | 1 2 |  2.2
Earth Magic    | 1 2 |  2.2
Poison Magic   | 1 2 |  2.2
Shapeshifting  | 1 2 |  2.2
Invocations    | 3 4 |  4.0
Armour         | 5 |  5.4
Stealth        | 3 |  3.6
Ranged Weapons | 9 |  9.0

Action                     |  1- 3 |  4- 6 |  7- 9 || total
---------------------------+-------+-------+-------++-------
  Melee: Falchion          |       |       |    16 ||    16
         Bite              |       |       |     2 ||     2
         Punch             |       |       |     1 ||     1
   Fire: Sling             |   111 |    97 |    87 ||   295
   Cast: Kiss of Death     |       |     4 |     1 ||     5
  Evoke: Wand              |       |       |     1 ||     1
    Use: Scroll            |       |     5 |       ||     5
         Potion            |       |       |     8 ||     8
 Armour: Ring mail         |    15 |    25 |    25 ||    65
         Skin              |       |       |    14 ||    14
  Dodge: Dodged            |    10 |    24 |    35 ||    69

Table legend: (Time is in decaauts)
 A = Elapsed time spent in this place.
 B = Non-inter-level travel time spent in this place.
 C = Inter-level travel time spent in this place.
 D = Time resting spent in this place.
 E = Time spent auto-exploring this place.
 F = Levels seen in this place.
 G = Mean time per level.
                   A        B        C        D        E       F      G
               +--------+--------+--------+--------+--------+-----+--------+
         Total |   3677 |   3559 |    118 |    110 |   2790 |   6 |  612.8 |
       Dungeon |   3396 |   3278 |    118 |    110 |   2568 |   5 |  679.2 |
         Sewer |    281 |    281 |      0 |      0 |    221 |   1 |  281.0 |
               +--------+--------+--------+--------+--------+-----+--------+

Top non-repeatable levels by time:
     D:3: 985 daAuts
     D:4: 958 daAuts
     D:1: 607 daAuts
     D:2: 474 daAuts
     D:5: 371 daAuts
   Sewer: 281 daAuts
